 Dungeon Crawl Stone Soup version 0.17.1-3-g152610e (webtiles) character file.

85 Kingpool the Magician (level 4, -1/30 HPs)
             Began as a Demonspawn Wizard on Mar 14, 2016.
             Slain by a gnoll
             ... wielding a +0 halberd
              (12 damage)
             ... on level 2 of the Dungeon.
             The game lasted 00:18:14 (3664 turns).

Kingpool the Magician (Demonspawn Wizard)           Turns: 3664, Time: 00:18:14

Health: -1/30      AC:  3    Str:  8    XL:     4   Next: 25%
Magic:  10/10      EV: 12    Int: 20    God:
Gold:   98         SH:  0    Dex: 11    Spells: 1 memorised, 10 levels left

rFire  . . .     SeeInvis .     q - +2 dagger (drain)
rCold  . . .     Clarity  .     a - +0 robe
rNeg   . . .     SustAt   .     (no shield)
rPois  .         Gourm    .     b - +1 hat
rElec  .         Spirit   .     (no cloak)
rCorr  .         Warding  .     (no gloves)
rMut   .         Stasis   .     (no boots)
MR     .....                    (no amulet)
Stlth  ++........               (no ring)
                                (no ring)

@: not resistant to hostile enchantments, unstealthy
A: demonic guardian 1
a: no special abilities


You were on level 2 of the Dungeon.
You were not hungry.

You visited 1 branch of the dungeon, and saw 3 of its levels.

You collected 98 gold pieces.

Inventory:

Hand Weapons
 q - a +2 dagger of draining (weapon)
Armour
 a - a +0 robe (worn)
 b - a +1 hat (worn)
Wands
 j - a wand of enslavement (10)
Scrolls
 h - a scroll of remove curse {unknown}
 m - a scroll of teleportation
Potions
 f - a potion of magic
 g - 2 potions of agility
 k - a potion of heal wounds {unknown}
 o - a potion of mutation {unknown}
 p - a potion of might
Books
 c - a book of Minor Magic

   Spells                             Type                      Level
   a - Magic Dart                     Conjuration                  1
   b - Blink                          Translocation                2
   c - Call Imp                       Summoning                    2
   d - Repel Missiles                 Charms/Air                   2
   e - Slow                           Hexes                        2
   f - Conjure Flame                  Conjuration/Fire             3
   g - Mephitic Cloud                 Conjuration/Poison/Air       3
Comestibles
 d - 2 bread rations
 i - 3 fruits
 l - a meat ration


   Skills:
 - Level 2.0 Dodging
 - Level 1.7 Stealth
 + Level 4.1 Spellcasting
 + Level 2.5 Conjurations
   Level 1.0 Summonings
   Level 0.8 Translocations


You had 10 spell levels left.
You knew the following spells:

 Your Spells              Type           Power        Failure   Level  Hunger
a - Magic Dart            Conj           ##..         4%          1    None


Dungeon Overview and Level Annotations

Branches:
Dungeon (3/15)

Altars:
Qazlal


Innate Abilities, Weirdness & Mutations

A weak demonic guardian rushes to your aid.


Message History

The kobold throws a stone.
The stone hits you.
* * * LOW HITPOINT WARNING * * *
You see here a stone.
A hobgoblin comes into view.
The hobgoblin shouts!
Evoke which item? (* to show all) (? for menu, Esc to quit)
Zapping:
j - a wand of enslavement {zapped: 4} (will waste charges)
Press: ? - help, Shift-Dir - straight line, f - kobold
Aim: a kobold, wielding a short sword (chance to defeat MR: 81%)
The kobold is charmed.
Evoking this partially-identified wand wasted a few charges.
The gnoll hits your kobold with a club.
Your kobold misses the gnoll. The gnoll hits your kobold with a club!
Your kobold dies!
There is a stone staircase leading down here.
You climb downwards.
There is a stone staircase leading up here.
You start resting.
The gnoll hits you from afar with a halberd!
You die...

#.# #....# #[#.#......... #.#
######....###.#.#######..# #.#
#....#......g............. #.#
#....#......#.##########.# #.#
#....#...##.#.# #......... #.#
#....#...'..#.# #......... #.#
#....#..g####.###.......g. #.#
#...<#...<......#.........
#.####....#...@#.....#.........
#..............#.....#.........
##########.....#.....#.........
#.....#.....#.........
#.....#..)..#.........
###'#.#.#.(...#.........
#.....#.#.)...#.........
#.....#.#.....#.........
#.....#.#.....##########


You could see a gnoll.

Vanquished Creatures
  5 adders (D:2)
  2 worms (D:2)
  A ball python (D:2)
  4 hobgoblins
  4 jackals (D:1)
  3 kobolds (D:2)
  4 bats
  A giant cockroach (D:1)
  2 giant geckos (D:1)
  3 giant newts
  6 goblins
  A quokka (D:2)
  4 rats
40 creatures vanquished.

Vanquished Creatures (others)
  A kobold (D:1)
1 creature vanquished.

Grand Total: 41 creatures vanquished

Notes
Turn   | Place    | Note
--------------------------------------------------------------
     0 | D:1      | Kingpool the Demonspawn Wizard began the quest for the Orb.
     0 | D:1      | Reached XP level 1. HP: 13/13 MP: 4/4
   549 | D:1      | Gained mutation: A weak demonic guardian rushes to your aid. [demonic ancestry]
   549 | D:1      | Reached XP level 2. HP: 19/19 MP: 1/6
  1268 | D:2      | Reached XP level 3. HP: 12/24 MP: 0/8
  2333 | D:2      | Reached skill level 4 in Spellcasting
  2752 | D:2      | Reached XP level 4. HP: 23/30 MP: 6/10
  3499 | D:2      | Found a stormy altar of Qazlal.
  3664 | D:2      | Slain by a gnoll

Action                   |  1- 3 |  4- 6 || total
-------------------------+-------+-------++-------
Melee: Club              |    30 |     3 ||    33
       Unarmed           |     4 |       ||     4
       Dagger            |       |     1 ||     1
 Cast: Magic Dart        |   105 |    30 ||   135
Evoke: Wand              |     1 |     2 ||     3
  Use: Scroll            |     5 |       ||     5
  Eat: Chunk             |     5 |     2 ||     7
       Fruit             |     1 |       ||     1
